 Dungeon Crawl Stone Soup version 0.27-a0-1612-gde56a17b89 (webtiles) character file.

Game seed: 12149185955028143807

441 hatdisgam the Chiller (level 7, -7/41 HPs)
             Began as a Gargoyle Ice Elementalist on July 21, 2021.
             Was an Initiate of Cheibriados.
             Mangled by an ogre (18 damage)
             ... on level 4 of the Dungeon.
             The game lasted 00:05:59 (4709 turns).

hatdisgam the Chiller (Gargoyle Ice Elementalist)   Turns: 4709, Time: 00:06:00

Health: -7/41      AC:  6    Str: 13    XL:     7   Next: 2%
Magic:  14/19      EV: 12    Int: 18    God:    Cheibriados [......]
Gold:   155        SH:  0    Dex: 11    Spells: 2/10 levels left

rFire    x . .     SeeInvis .   p - +1 short sword (venom)
rCold    + . .     Faith    .   (no shield)
rNeg     + . .     Spirit   .   a - +0 robe
rPois    ∞         Reflect  .   (no helmet)
rElec    +         Harm     .   (no cloak)
rCorr    .         Rampage  .   (no gloves)
Will     .....                  (no boots)
Stlth    ++........             (no amulet)
HPRegen  0.13/turn              f - ring of magical power
MPRegen  0.16/turn              j - ring of ice

@: freezing walls, very slow
A: sickness immunity, AC +4, negative energy resistance 1, electricity
resistance, torment resistance 1, petrification resistance
a: Renounce Religion, Bend Time


You were on level 4 of the Dungeon.
You worshipped Cheibriados.
Cheibriados was noncommittal.
You visited 2 branches of the dungeon, and saw 5 of its levels.

You collected 155 gold pieces.

Inventory:

Hand Weapons
 b - a +0 dagger
 p - a +1 short sword of venom (weapon)
 x - a +0 dagger of flaming
Armour
 a - a +0 robe (worn)
 v - a +2 kite shield
Magical Staves
 h - a staff of conjuration
Jewellery
 f - a ring of magical power (left hand)
 j - a ring of ice (right hand)
 m - a +6 ring of dexterity
 t - a +6 ring of dexterity
Wands
 n - a wand of digging (4)
Scrolls
 d - 5 scrolls of identify {unknown}
 e - a scroll of teleportation {unknown}
 g - a scroll of amnesia {unknown}
 k - a scroll of vulnerability {unknown}
 l - a scroll of summoning {unknown}
 o - a scroll of noise {unknown}
 r - a scroll of fear {unknown}
 u - a scroll of brand weapon {unknown}
Potions
 c - 4 potions of heal wounds {unknown}
 i - a potion of brilliance {unknown}
 q - 2 potions of might {unknown}
 s - 2 potions of curing {unknown}
 w - a potion of attraction {unknown}


   Skills:
 - Level 3.4 Fighting
 - Level 1.5 Dodging
 - Level 2.1 Stealth
 + Level 0.0 Shields
 - Level 2.3 Spellcasting
 * Level 2.5 Conjurations
 * Level 6.7 Ice Magic


You had 2 spell levels left.
You knew the following spells:

 Your Spells              Type           Power      Damage    Failure   Level
a - Freeze                Ice            100%       1d11      1%          1
b - Frozen Ramparts       Ice            78%        1d9       3%          3
c - Hailstorm             Conj/Ice       28%        3d8       26%         4

Your spell library contained the following spells:

 Spells                   Type           Power      Damage    Failure   Level
 Ozocubu's Armour         Ice            39%        N/A       3%          3


Dungeon Overview and Level Annotations

Branches:
Dungeon (4/15)             Temple (1/1) D:4

Altars:
Cheibriados
Dithmenos
Fedhas
Gozag
Hepliaklqana
Kikubaaqudgha
Nemelex Xobeh
Okawaru
Qazlal
Ru
Sif Muna
Trog
Uskayaw
Wu Jian
Xom
Yredelemnul
The Shining One


Innate Abilities, Weirdness & Mutations

You are immune to sickness and miasma.
Your stone body is resilient. (AC +4)
You are immune to poison.
You resist negative energy. (rN+)
You are resistant to electric shocks. (rElec)
You are resistant to unholy torment.
You are immune to petrification.


Message History

Things that are here:
a +0 dagger of flaming; a goblin corpse
x - a +0 dagger of flaming An ogre comes into view.
It is wielding a +0 giant spiked club.
An ogre is nearby!
An ogre is nearby!
An ogre is nearby!
The ogre shouts!
You hear a shout! x3
A goblin comes into view. It is wielding a +0 club.
You hear a shout!
Casting: Freeze (safe; 1% risk of failure)
Confirm with . or Enter, or press ? or * to list all spells.
Casting: Frozen Ramparts (dangerous; 3% risk of failure)
Press: ? - help, Dir - look around, f - activate You feel a surge of power!
The walls around you are covered in ice.
The wall freezes the ogre!
The wall freezes the ogre.
Casting: Frozen Ramparts (dangerous; 3% risk of failure)
Confirm with . or Enter, or press ? or * to list all spells.
Aiming: Freeze (safe; 1% risk of failure)
Press: ? - help, Shift-Dir - straight line, f - ogre
Aim: an ogre, wielding a +0 giant spiked club (heavily wounded)
You feel a surge of power!
You freeze the ogre.
The ogre is heavily wounded.
A goblin comes into view. It is wielding a +0 club.
The wall freezes the ogre.
The ogre hits you with a +0 giant spiked club!!
Ouch! That really hurt!
* * * LOW HITPOINT WARNING * * *
Casting: Freeze (safe; 1% risk of failure)
Confirm with . or Enter, or press ? or * to list all spells.
Aiming: Freeze (safe; 1% risk of failure)
Press: ? - help, Shift-Dir - straight line, f/p - ogre
Aim: an ogre, wielding a +0 giant spiked club (severely wounded)
You feel a surge of power!
You freeze the ogre.
The ogre is severely wounded.
The wall freezes the goblin.
The wall freezes the ogre.
The ogre hits you with a +0 giant spiked club!!
You die...

#.# #g# #.# #.#
#.# #g# #O# #@#
#.#
#.################
#...............†.
##################


You could see an ogre and 2 goblins.

Vanquished Creatures
  Sigmund (D:2)
  A necrophage (Temple)
  A scorpion (D:4)
  A hound (D:4)
  Terence (D:3)
  An adder (D:2)
  2 dart slugs
  7 ball pythons
  9 bats
  2 endoplasms (D:1)
  A giant cockroach (D:1)
  5 goblins
  7 hobgoblins
  7 jackals
  3 quokkas
  4 frilled lizards
  6 kobolds
  5 rats
64 creatures vanquished.

Vanquished Creatures (others)
  A fungus (D:2)
1 creature vanquished.

Grand Total: 65 creatures vanquished

Notes
Turn   | Place    | Note
-------+----------+-------------------------------------------
     0 | D:1      | hatdisgam the Gargoyle Ice Elementalist began the quest for
                  | the Orb.
     0 | D:1      | Reached XP level 1. HP: 10/10 MP: 3/3
   302 | D:1      | Reached XP level 2. HP: 7/15 MP: 1/5
  1237 | D:1      | Reached XP level 3. HP: 20/20 MP: 6/6
  1329 | D:1      | Learned a level 3 spell: Frozen Ramparts
  1950 | D:2      | Reached skill level 1 in Fighting
  2099 | D:2      | Found a faded altar of an unknown god.
  2125 | D:2      | Noticed Sigmund
  2211 | D:2      | Killed Sigmund
  2212 | D:2      | Reached skill level 6 in Ice Magic
  2212 | D:2      | Reached XP level 4. HP: 10/27 MP: 7/7
  2212 | D:2      | Reached XP level 5. HP: 12/32 MP: 8/8
  2467 | D:2      | Learned a level 4 spell: Hailstorm
  3262 | D:3      | Reached XP level 6. HP: 27/36 MP: 9/9
  3647 | D:3      | Found a stormy altar of Qazlal.
  3673 | D:3      | Noticed Terence
  3682 | D:3      | Killed Terence
  3683 | D:3      | Reached skill level 1 in Conjurations
  4121 | D:4      | Found a staircase to the Ecumenical Temple.
  4133 | D:4      | Noticed a necrophage
  4137 | Temple   | Entered the Ecumenical Temple
  4345 | Temple   | Became a worshipper of Cheibriados the Contemplative
  4382 | Temple   | Killed a necrophage
  4383 | Temple   | Reached XP level 7. HP: 22/41 MP: 10/10
  4709 | D:4      | Mangled by an ogre

Illustrated notes

Levels and vault maps discovered:
D:1:      dpeg_arrival_houses_and_road, layout_loops_corners, minivault_11
D:2:      layout_basic, shapermc_ecumenical_altar_acropolis, uniq_sigmund
D:3:      layout_rooms, nicolae_qazlal_general_emergency,
          amcnicky_mini_corridor_feature, uniq_terence
D:4:      layout_basic, minmay_temple_entry_steel_oval, uniq_robin
Temple:   regret_index_temple_sphere_string

Skill      XL: |  1  2  3  4  5  6 |
---------------+-------------------+-----
Fighting       | 2 3 |  3.4
Ice Magic      | 6 |  6.7
Conjurations   | 2 |  2.5
Dodging        | |  1.5
Stealth        | |  2.1
Spellcasting   | |  2.3

Action                   |  1- 3 |  4- 6 |  7- 9 || total
-------------------------+-------+-------+-------++-------
Melee: Dagger            |   106 |    13 |       ||   119
       Unarmed           |     1 |       |       ||     1
       Short sword       |       |    52 |     4 ||    56
 Cast: Freeze            |    31 |    17 |     2 ||    50
       Frozen Ramparts   |     1 |     2 |     1 ||     4
 Stab: Sleeping          |     4 |     2 |     1 ||     7
       Distracted        |       |     1 |       ||     1
Armor: Robe              |    56 |    30 |     2 ||    88
Dodge: Dodged            |   100 |    50 |     3 ||   153

Table legend: (Time is in decaauts)
 A = Elapsed time spent in this place.
 B = Non-inter-level travel time spent in this place.
 C = Inter-level travel time spent in this place.
 D = Time resting spent in this place.
 E = Time spent auto-exploring this place.
 F = Levels seen in this place.
 G = Mean time per level.
                   A        B        C        D        E       F      G
               +--------+--------+--------+--------+--------+-----+--------+
         Total |   4755 |   4563 |    192 |    396 |   3587 |   5 |  951.0 |
       Dungeon |   4360 |   4220 |    140 |    251 |   3413 |   4 | 1090.0 |
        Temple |    395 |    344 |     51 |    145 |    174 |   1 |  395.0 |
               +--------+--------+--------+--------+--------+-----+--------+

Top non-repeatable levels by time:
     D:1: 1728 daAuts
     D:2: 1457 daAuts
     D:3: 673 daAuts
     D:4: 501 daAuts
  Temple: 395 daAuts
